 Dungeon Crawl Stone Soup version 0.26.0-41-g79a4fc7684 (webtiles) character file.

Game seed: 3622679012327227387

143 thiole the Sneak (level 5, -1/31 HPs)
             Began as an Octopode Hedge Wizard on Jan 27, 2021.
             Slain by an orc
             ... wielding a +0 dagger
              (6 damage)
             ... on level 3 of the Dungeon.
             The game lasted 00:05:46 (4158 turns).

thiole the Sneak (Octopode Hedge Wizard)            Turns: 4158, Time: 00:05:47

Health: -1/31      AC:  1    Str:  9    XL:     5   Next: 25%
Magic:  2/10       EV: 13    Int: 18    God:
Gold:   195        SH:  0    Dex: 11    Spells: 3/11 levels left

rFire    . . .     SeeInvis .   a - +0 dagger
rCold    . . .     Faith    .   (no shield)
rNeg     . . .     Spirit   .   b - +0 hat
rPois    .         Reflect  .   (no amulet)
rElec    .         Harm     .   (no ring)
rCorr    .         Rampage  .   (no ring)
Will     .....                  (no ring)
Stlth    +++.......             (no ring)
HPRegen  0.10/turn              (no ring)
MPRegen  0.12/turn              (no ring)
                                (no ring)
                                (no ring)

@: very slightly contaminated
A: almost no armour, stealthy swim, amphibious, 8 rings, constrict 8, camouflage
1, gelatinous body 1
a: no special abilities


You were on level 3 of the Dungeon.
You visited 1 branch of the dungeon, and saw 3 of its levels.

You collected 195 gold pieces.

Inventory:

Hand Weapons
 a - a +0 dagger (weapon)
 k - a +0 spear of venom
Missiles
 e - 51 poisoned darts (quivered)
Armour
 b - a +0 hat (worn)
Jewellery
 g - an uncursed ring of wizardry {unknown}
 h - an uncursed amulet of regeneration {unknown}
 i - a +4 ring of evasion {unknown}
 j - an uncursed ring of see invisible {unknown}
 p - an uncursed amulet of guardian spirit {unknown}
Scrolls
 c - a scroll of immolation {unknown}
 d - 7 scrolls of identify {unknown}
 l - a scroll of remove curse {unknown}
 m - a scroll of teleportation {unknown}
 q - a scroll of amnesia {unknown}
 r - a scroll of fear {unknown}
Potions
 f - 2 potions of lignification {unknown}
 n - a potion of haste {unknown}
 o - a potion of curing


   Skills:
 - Level 2.0 Dodging
 + Level 4.0 Stealth
 + Level 3.5 Spellcasting
 - Level 2.0 Conjurations
 - Level 2.0 Summonings
 - Level 1.0 Translocations
 * Level 1.9 Air Magic
 - Level 2.0 Poison Magic


You had 3 spell levels left.
You knew the following spells:

 Your Spells              Type           Power        Failure   Level
a - Magic Dart            Conj           40%          7%          1
b - Call Imp              Summ           10%          11%         2
c - Blink                 Tloc           N/A          16%         2
d - Mephitic Cloud        Conj/Pois/Air  10%          21%         3

Your spell library contained the following spells:

 Spells                   Type           Power        Failure   Level
 Slow                     Hex            3%           24%         2
 Conjure Flame            Conj/Fire      6%           30%         3


Dungeon Overview and Level Annotations

Branches:
Dungeon (3/15)

Altars:
Sif Muna
Uskayaw


Innate Abilities, Weirdness & Mutations

You cannot wear most types of armour.
You are very stealthy in the water. (Stealth+)
You are amphibious.
You can wear up to eight rings at the same time.
You can use your tentacles to constrict eight enemies at once.
Your skin changes colour to match your surroundings (Stealth+).
Your rubbery body absorbs attacks. (AC +1, EV +1)


Message History

Aiming: Magic Dart (safe; 7% risk of failure)
Press: ? - help, Shift-Dir - straight line, f/p - orc
Aim: an orc, wielding a +0 club and wearing a +0 chain mail (severely wounded, 0% to evade)
You miscast Magic Dart.
You are very lightly contaminated with residual magic.
Nothing appears to happen.
The orc hits you with a +0 club.
* * * LOW HITPOINT WARNING * * *
The orc hits you but does no damage.
You feel better. The orc hits you with a +0 club. The orc barely misses you.
Casting: Magic Dart (safe; 7% risk of failure)
Confirm with . or Enter, or press ? or * to list all spells.
Aiming: Magic Dart (safe; 7% risk of failure)
Press: ? - help, Shift-Dir - straight line, f/p - orc
Aim: an orc, wielding a +0 club and wearing a +0 chain mail (severely wounded, 0% to evade)
The magic dart hits the orc but does no damage.
The orc is severely wounded.
The orc hits you with a +0 club.
* * * LOW HITPOINT WARNING * * *
The orc hits you with a +0 dagger.
You die...

#≈≈≈≈≈≈≈≈≈≈.##
≈≈≈≈≈≈≈≈≈≈#.#
≈≈≈≈≈#≈≈≈.#.#
≈≈≈≈≈≈≈≈≈#..#
≈#≈≈≈≈≈###..#####
≈≈≈≈≈≈.###......##
≈≈.≈≈##.##.####..####
...####..[.# ##.o..#
#..# ####.# #@##..#
#.### #.##...o)......
....#### #.##.8.......8.
....#.>###.##.$....(....
..............8.....((8.
....#.............)!.(.(
....##........8..._...8.
...[# .####......###....
....# #


You could see 2 orcs.

Vanquished Creatures
  An orc priest (D:3)
  2 adders (D:2)
  9 dart slugs
  2 leopard geckos
  An orc (D:3)
  4 bats
  4 giant cockroaches
  10 goblins
  10 hobgoblins
  4 jackals (D:3)
  A quokka (D:3)
  11 kobolds
  6 rats
65 creatures vanquished.

Vanquished Creatures (collateral kills)
  An adder (D:2)
1 creature vanquished.

Grand Total: 66 creatures vanquished

Notes
Turn   | Place    | Note
-------+----------+-------------------------------------------
     0 | D:1      | thiole the Octopode Hedge Wizard began the quest for the
                  | Orb.
     0 | D:1      | Reached XP level 1. HP: 11/11 MP: 4/4
   139 | D:1      | Reached XP level 2. HP: 12/17 MP: 1/6
   216 | D:1      | Reached skill level 3 in Stealth
   733 | D:1      | Reached XP level 3. HP: 21/21 MP: 1/7
  1441 | D:1      | Learned a level 2 spell: Call Imp
  1444 | D:1      | Learned a level 2 spell: Blink
  1448 | D:1      | Learned a level 3 spell: Mephitic Cloud
  2154 | D:2      | Reached XP level 4. HP: 27/27 MP: 1/8
  2245 | D:2      | Reached skill level 1 in Poison Magic
  2514 | D:2      | Reached skill level 1 in Air Magic
  2726 | D:2      | Found a shimmering blue altar of Sif Muna.
  4139 | D:3      | Found a hide-covered altar of Uskayaw.
  4153 | D:3      | Reached skill level 4 in Stealth
  4153 | D:3      | Reached XP level 5. HP: 9/31 MP: 6/10
  4158 | D:3      | Slain by an orc

Illustrated notes

Levels and vault maps discovered:
D:1:      lemuel_arrival_broad_hall, layout_basic
D:2:      layout_basic, old_standard_altar, minmay_tetromino_t4
D:3:      kennysheep_slugbush, layout_basic, eat_drink_and_be_merry_uskayaw,
          tgw_trog

Skill      XL: |  1  2  3  4 |
---------------+-------------+-----
Stealth        | 3 4 |  4.0
Conjurations   | 2 |  2.0
Summonings     | 2 |  2.0
Poison Magic   | 2 |  2.0
Air Magic      | 1 |  1.9
Dodging        | |  2.0
Spellcasting   | |  3.5
Translocations | |  1.0

Action                   |  1- 3 |  4- 6 || total
-------------------------+-------+-------++-------
Melee: Dagger            |    45 |    29 ||    74
       Constrict         |     9 |    10 ||    19
       Tentacles         |     5 |     7 ||    12
Throw: Dart              |    10 |    34 ||    44
 Cast: Magic Dart        |    81 |    99 ||   180
       Call Imp          |     3 |       ||     3
  Use: Potion            |     1 |     1 ||     2
Armor: Skin              |     4 |     3 ||     7
Dodge: Dodged            |    39 |    51 ||    90
